 Dungeon Crawl Stone Soup version 0.29-a0-341-g24ffce5b50 (webtiles) character file.

Game seed: 5471144952818750320

2269 enile the Skirmisher (level 9, -5/96 HPs)
             Began as an Octopode Fire Elementalist on Apr 21, 2022.
             Was a Believer of Qazlal.
             Slain by a tengu conjurer (6 damage)
             ... on level 8 of the Dungeon.
             The game lasted 00:11:36 (9539 turns).

enile the Skirmisher (Octopode Fire Elementalist)   Turns: 9539, Time: 00:11:37

Health: -5/96      AC: 28    Str: 13    XL:     9   Next: 38%
Magic:  3/15       EV:  2    Int: 21    God:    Qazlal [**....]
Gold:   343        SH:  3    Dex: 13    Spells: 9/16 levels left

rFire   + . .      SeeInvis .   r - +6 hand axe of Accidental Termination {holy, rPois rC+}
rCold   + + .      Faith    .   (no shield)
rNeg    . . .      Spirit   .   (helmet currently unavailable)
rPois   +          Reflect  .   (no amulet)
rElec   +          Harm     .   e - +4 ring of protection
rCorr   +          Rampage  .   v - +6 ring of strength
Will    .....      Clarity  +   (no ring)
Stlth   ++........ NoTele   +   (no ring)
HPRegen 0.26/turn               (no ring)
MPRegen 0.14/turn               (no ring)
                                (no ring)
                                (no ring)

@: mighty, brilliant, tree-form, resistant, attractive
A: stationary, stasis, torment immunity, boosted hp, almost no armour,
(amphibious), 8 rings, (camouflage 1), (gelatinous body 1), (nimble swimmer 1),
(tentacles), (iridescent scales 1), clarity
a: Renounce Religion, Upheaval


You were on level 8 of the Dungeon.
You worshipped Qazlal.
Qazlal was pleased with you.
You were a tree.
You visited 1 branch of the dungeon, and saw 8 of its levels.

You collected 343 gold pieces.

Inventory:

Hand Weapons
 b - a +0 short sword
 r - the +6 hand axe of Accidental Termination (weapon) {holy, rPois rC+}
   (You found it on level 4 of the Dungeon)

   It has been blessed by the Shining One to cause great damage to the undead
   and demons.
   rC:        It protects you from cold.
   rPois:     It protects you from poison.
Missiles
 u - a curare-tipped dart
Jewellery
 e - a +4 ring of protection (left branch)
 i - an amulet of faith
 s - a ring of ice
 v - a +6 ring of strength (right branch)
Wands
 l - a wand of iceblast (1)
Scrolls
 d - a scroll of noise
 g - a scroll of enchant armour
 o - a scroll of magic mapping
 q - a scroll of amnesia
 t - a scroll of enchant weapon
Potions
 a - 2 potions of magic
 h - a potion of cancellation


   Skills:
 - Level 7.0 Fighting
 + Level 3.2 Axes
 - Level 7.0 Dodging
 - Level 2.6 Stealth
 - Level 4.0 Spellcasting
 - Level 1.0 Conjurations
 - Level 3.0 Hexes
 - Level 5.0 Fire Magic


You had 9 spell levels left.
You knew the following spells:

 Your Spells              Type           Power      Damage    Failure   Level
a - Foxfire               Conj/Fire      100%       2x1d9     3%          1
b - Scorch                Fire           74%        2d8       2%          2
c - Inner Flame           Hex/Fire       31%        N/A       7%          3
d - Slow                  Hex            100%       N/A       3%          1

Your spell library contained the following spells:

 Spells                   Type           Power      Damage    Failure   Level
 Ensorcelled Hibernation  Hex/Ice        30%        N/A       10%         2
 Confusing Touch          Hex            25%        N/A       11%         3
 Conjure Flame            Conj/Fire      25%        6-21      11%         3
 Animate Skeleton         Necr           12%        N/A       12%         1
 Pain                     Necr           24%        1d5       12%         1
 Spider Form              Tmut/Pois      6%         N/A       34%         3
 Vampiric Draining        Necr           6%         2d6       34%         3
 Flame Wave               Conj/Fire      25%        2d7       34%         4
 Anguish                  Hex/Necr       7%         N/A       54%         4


Dungeon Overview and Level Annotations

Branches:
Dungeon (8/15)
 Temple: D:4-7         Lair: D:8-11

Altars:
Fedhas
Gozag
Qazlal
Yredelemnul

Annotations:
D:7 Maggie


Innate Abilities, Weirdness & Mutations

You are a tree.
Your roots penetrate the ground, keeping you stationary.
You cannot be teleported.
You are immune to unholy pain and torment.
Your maximum health is greatly increased.
You cannot wear most types of armour.
((You are amphibious.))
You can wear up to eight rings at the same time.
((Your skin changes colour to match your surroundings (Stealth+).))
((Your rubbery body absorbs attacks. (AC +1, EV +1)))
((You are camouflaged when in or above water. (Stealth+)))
((You have tentacles for arms and can constrict up to eight enemies at once.))
((You are partially covered in iridescent scales. (AC +2)))
You possess an exceptional clarity of mind.


Message History

The tengu warrior blocks your attack.
The tengu warrior hits you but does no damage.
The tengu warrior pecks you but does no damage.
The tengu warrior claws you but does no damage.
The tengu conjurer hits you but does no damage.
The tengu conjurer barely misses you.
The tengu conjurer claws you but does no damage.
Aiming: Upheaval
Press: ? - help, Dir - move target, f - tengu warrior
Aim: a tengu warrior, wielding a +0 long sword, wearing a +0 leather armour and wearing a +0 buckler (heavily wounded) That beam is likely to hit you.
Continue anyway?
You fail to use your ability.
You block the tengu warrior's attack.
The tengu warrior pecks you but does no damage.
The tengu warrior barely misses you. The tengu conjurer hits you.
* * * LOW HITPOINT WARNING * * *
The tengu conjurer pecks you but does no damage.
The tengu conjurer claws you but does no damage.
You slash the tengu warrior!
The tengu warrior is severely wounded.
The tengu conjurer blocks your attack.
The tengu warrior hits you but does no damage.
The tengu warrior pecks you.
* * * LOW HITPOINT WARNING * * *
The tengu warrior claws you but does no damage.
The tengu conjurer hits you but does no damage.
The tengu conjurer pecks you but does no damage.
The tengu conjurer claws you but does no damage.
Aiming: Upheaval
Press: ? - help, Dir - move target, f/p - tengu warrior
Aim: a tengu warrior, wielding a +0 long sword, wearing a +0 leather armour and wearing a +0 buckler (severely wounded)
Okay, then.
Unknown command.
You feel extremely strange.
Iridescent scales grow over part of your body.
Your thoughts seem clearer.
You block the tengu warrior's attack.
The tengu warrior pecks you but does no damage.
The tengu warrior claws you but does no damage.
The tengu conjurer hits you.
You die...

... ## ... . #.
... ..###.######.#
..§..........###.
...#v§............
...#....).).......
......##Q##.......
#.##..Q♣# .......
. #.#### .......
#v ....=c. .§
....... .. #......
.. ...... .


You could see a tengu warrior and a tengu conjurer.

Vanquished Creatures
  2 vampire mosquitoes (D:8)
  A steam dragon (D:7)
  An orc warrior (D:8)
  An ice beast (D:5)
  A sky beast (D:5)
  2 ogres (D:6)
  2 centaurs
  A kobold brigand (D:5)
  3 bullfrogs
  A scorpion (D:6)
  A necrophage (D:6)
  2 wights (D:7)
  2 howler monkeys (D:8)
  6 jellies
  An orc priest (D:8)
  4 hounds
  Jessica (D:3)
  5 iguanas
  An orc wizard (D:7)
  Terence (D:2)
  Robin (D:2)
  5 adders
  A shadow imp (D:5)
  A white imp (D:6)
  An ufetubus (D:6)
  2 worms (D:4)
  2 dart slugs (D:2)
  10 orcs
  6 ball pythons
  5 bats
  9 endoplasms
  4 giant cockroaches
  12 goblins
  6 hobgoblins
  9 jackals
  8 kobolds
  5 quokkas (D:1)
  A frilled lizard (D:2)
  2 rats
129 creatures vanquished.

Vanquished Creatures (others)
  292 foxfires
292 creatures vanquished.

Grand Total: 421 creatures vanquished

Notes
Turn   | Place    | Note
-------+----------+-------------------------------------------
     0 | D:1      | enile the Octopode Fire Elementalist began the quest for
                  | the Orb.
     0 | D:1      | Reached XP level 1. HP: 11/11 MP: 3/3
   465 | D:1      | Reached skill level 1 in Fighting
   627 | D:1      | Reached XP level 2. HP: 18/18 MP: 1/5
  1556 | D:1      | Found a faded altar of an unknown god.
  2071 | D:1      | Reached XP level 3. HP: 21/25 MP: 2/6
  2252 | D:1      | Learned a level 2 spell: Scorch
  2325 | D:1      | Prayed at the altar of an unknown god.
  2325 | D:1      | Became a worshipper of Qazlal Stormbringer
  2325 | D:1      | Reached * piety under Qazlal
  2800 | D:2      | Found a basalt altar of Yredelemnul.
  2800 | D:2      | Noticed Robin
  2804 | D:2      | Identified a scroll of acquirement
  2804 | D:2      | Acquired a +4 ring of protection
  3188 | D:2      | Killed Robin
  3189 | D:2      | Reached XP level 4. HP: 31/31 MP: 1/7
  3425 | D:2      | Learned a level 3 spell: Inner Flame
  3662 | D:2      | Noticed Terence
  3684 | D:2      | Killed Terence
  4114 | D:3      | Reached XP level 5. HP: 36/36 MP: 3/8
  4346 | D:3      | Found an opulent altar of Gozag.
  4637 | D:3      | Noticed Jessica
  4663 | D:3      | Killed Jessica
  4831 | D:4      | Reached ** piety under Qazlal
  5463 | D:4      | Reached XP level 6. HP: 42/42 MP: 1/11
  6181 | D:4      | Identified the +6 hand axe of Accidental Termination {holy,
                  | rPois rC+}
  6208 | D:5      | Entered Level 5 of the Dungeon
  6235 | D:5      | Noticed a sky beast
  6244 | D:5      | Killed a sky beast
  6357 | D:5      | Found a stormy altar of Qazlal.
  6702 | D:5      | Reached XP level 7. HP: 39/49 MP: 13/13
  7070 | D:5      | Reached skill level 5 in Fighting
  7665 | D:5      | Reached skill level 5 in Fire Magic
  7864 | D:6      | Reached XP level 8. HP: 56/56 MP: 9/14
  7958 | D:6      | Found a blossoming altar of Fedhas.
  8429 | D:6      | Reached skill level 1 in Axes
  8689 | D:6      | Learned a level 1 spell: Slow
  8730 | D:7      | Reached skill level 1 in Hexes
  9281 | D:7      | Reached skill level 5 in Dodging
  9313 | D:7      | Noticed Maggie
  9481 | D:8      | Reached XP level 9. HP: 22/64 MP: 5/15
  9505 | D:8      | HP: 3/64 [orc warrior/+0 hand axe (19)]
  9525 | D:8      | Noticed a tengu conjurer
  9530 | D:8      | Noticed a tengu warrior
  9538 | D:8      | HP: 1/96 [tengu warrior/+0 long sword[a tengu conjurer]
                  | (5)]
  9539 | D:8      | Gained mutation: You are partially covered in iridescent
                  | scales. (AC +2) [potion of mutation]
  9539 | D:8      | Gained mutation: You possess an exceptional clarity of
                  | mind. [potion of mutation]
  9539 | D:8      | Slain by a tengu conjurer

Illustrated notes

Levels and vault maps discovered:
D:1:      giann_wishing_wells, layout_basic, ebering_ecumenical_altar_hall
D:2:      layout_loops_ring, basic_altar, uniq_terence, uniq_robin
D:3:      layout_rooms, nicolae_gozag_cash_rules_everything_around_me,
          grunt_ministairs_8, uniq_jessica
D:4:      layout_loops_cross, minmay_cupped
D:5:      layout_gridville, mainiacjoe_overflow_brackets
D:6:      layout_rooms, mainiacjoe_overflow_concentric_impassable,
          minmay_misc_feat_cross, glass_columns_c, minmay_crossroads
D:7:      layout_basic, lemuel_tele_altar, jmf_multi_god_temple2,
          minmay_temple_entry_glass, uniq_maggie
D:8:      layout_rooms, erik_lair_dragon, nicolae_stop_n_shop_2

Skill      XL: |  1  2  3  4  5  6  7  8  9 |
---------------+----------------------------+-----
Fighting       | 1 2 3 4 5 7 |  7.0
Dodging        | 3 4 5 7 |  7.0
Spellcasting   | 3 4 |  4.0
Fire Magic     | 5 |  5.0
Axes           | 2 3 |  3.2
Hexes          | 3 |  3.0
Stealth        | |  2.6
Conjurations   | |  1.0

Action                   |  1- 3 |  4- 6 |  7- 9 || total
-------------------------+-------+-------+-------++-------
Melee: Unarmed           |    10 |    13 |       ||    23
       Constrict         |     4 |     9 |    14 ||    27
       Tentacles         |     2 |    10 |    12 ||    24
       Short sword       |       |    16 |       ||    16
       Hand axe          |       |     4 |    58 ||    62
       Punch             |       |     1 |     1 ||     2
 Cast: Foxfire           |    89 |    65 |    23 ||   177
       Scorch            |     4 |    15 |    21 ||    40
       Inner Flame       |       |    13 |    25 ||    38
       Slow              |       |       |     1 ||     1
Invok: Upheaval          |       |       |     4 ||     4
Evoke: Wand              |       |       |     1 ||     1
  Use: Scroll            |     3 |     4 |     6 ||    13
       Potion            |     1 |       |    13 ||    14
Armor: Skin              |     6 |    10 |    66 ||    82
Dodge: Dodged            |    45 |    23 |    80 ||   148
Block: Other             |     1 |     3 |    16 ||    20

Table legend: (Time is in decaauts)
 A = Elapsed time spent in this place.
 B = Non-inter-level travel time spent in this place.
 C = Inter-level travel time spent in this place.
 D = Time resting spent in this place.
 E = Time spent auto-exploring this place.
 F = Levels seen in this place.
 G = Mean time per level.
                   A        B        C        D        E       F      G
               +--------+--------+--------+--------+--------+-----+--------+
         Total |   9554 |   9304 |    250 |    555 |   7685 |   8 | 1194.2 |
       Dungeon |   9554 |   9304 |    250 |    555 |   7685 |   8 | 1194.2 |
               +--------+--------+--------+--------+--------+-----+--------+

Top non-repeatable levels by time:
     D:1: 2614 daAuts
     D:5: 1520 daAuts
     D:2: 1493 daAuts
     D:4: 1399 daAuts
     D:6: 991 daAuts
     D:3: 701 daAuts
     D:7: 610 daAuts
     D:8: 224 daAuts
